 Dungeon Crawl Stone Soup version 0.20.1-1-g8b1a95d (webtiles) character file.

10355 Wacky444 the Carver (level 11, -2/95 HPs)
             Began as a Minotaur Abyssal Knight on July 24, 2017.
             Was a High Priest of Lugonu.
             Succumbed to Frank's ghost's poison
             ... on level 1 of the Orcish Mines on July 26, 2017.
             The game lasted 01:30:30 (9900 turns).

Wacky444 the Carver (Minotaur Abyssal Knight)       Turns: 9900, Time: 01:30:31

Health: -2/95      AC: 14    Str: 22      XL:     11   Next: 35%
Magic:  12/12      EV: 13    Int:  6 (9)  God:    Lugonu [*****.]
Gold:   564        SH:  4    Dex: 16      Spells: 8/10 levels left

rFire    + . .     SeeInvis .   a - +9 falchion
rCold    . . .     Gourm    .   (no shield)
rNeg     . . .     Faith    .   o - +1 scale mail
rPois    .         Spirit   .   (helmet restricted)
rElec    .         Reflect  +   (no cloak)
rCorr    .         Harm     .   y - +0 pair of gloves
MR       .....     Rnd*Tele +   m - +2 pair of boots
Stlth    +.........             j - +4 amulet of reflection
Regen    0.3/turn               J - +3 ring of dexterity
MPRegen  0.2/turn               F - +3 ring of strength

@: lethally poisoned (-2 -> -46), about to teleport
A: retaliatory headbutt, horns 2, agile 1, fire resistance 1, mutation
resistance 1, teleportitis 1, MP-powered wands
a: Depart the Abyss, Bend Space, Banish, Corrupt, Enter the Abyss, Renounce
Religion


You were on level 1 of the Orcish Mines.
You worshipped Lugonu.
Lugonu was extremely pleased with you.
You were hungry.

You visited 3 branches of the dungeon, and saw 12 of its levels.
You visited the Abyss 1 time.

You collected 564 gold pieces.

Inventory:

Hand Weapons
 a - a +9 falchion (weapon)
 e - a +0 whip
 x - a +1 rapier of speed
Missiles
 d - 178 stones (quivered)
 k - 88 sling bullets
Armour
 b - a +0 leather armour
 h - a +0 ring mail
 i - a +0 robe
 m - a +2 pair of boots (worn)
 o - a +1 scale mail (worn)
 y - a +0 pair of gloves (worn)
Jewellery
 j - a +4 amulet of reflection (around neck)
 q - an uncursed ring of positive energy
 s - an uncursed ring of resist corrosion
 D - a +3 ring of intelligence
 F - a +3 ring of strength (right hand)
 H - an uncursed ring of protection from cold
 J - a +3 ring of dexterity (left hand)
Wands
 w - a wand of paralysis (12/24)
 A - a wand of confusion (10/48)
 B - a wand of polymorph (0/24)
 G - a wand of acid (0/15)
 I - a wand of acid (0/15)
Scrolls
 r - 3 scrolls of teleportation
 u - 3 scrolls of blinking
 C - a scroll of enchant weapon
 E - 2 scrolls of remove curse
 L - a scroll of identify
Potions
 v - 2 potions of flight
 M - a potion of haste
Books
 K - a book of Minor Magic

   Spells                             Type                      Level
   a - Magic Dart                     Conjuration                  1
   b - Blink                          Translocation                2
   c - Call Imp                       Summoning                    2
   d - Slow                           Hexes                        2
   e - Conjure Flame                  Conjuration/Fire             3
   f - Mephitic Cloud                 Conjuration/Poison/Air       3
Comestibles
 c - 7 bread rations
 f - 7 meat rations
 n - 6 royal jellies
 N - a fruit


   Skills:
 + Level 8.7 Fighting
 - Level 1.8(7.2) Short Blades
 + Level 11.7(11.8) Long Blades
 + Level 7.8 Throwing
 + Level 9.2 Armour
 + Level 5.1 Dodging
 + Level 4.5 Stealth
 + Level 0.4 Spellcasting
 + Level 0.7 Summonings
 + Level 2.7 Invocations
 + Level 2.4 Evocations


You had 8 spell levels left.
You knew the following spells:

 Your Spells              Type           Power        Failure   Level  Hunger
a - Call Imp              Summ           #.......     77%         2    ###....


Dungeon Overview and Level Annotations

Branches:
Dungeon (10/15)            Temple (1/1) D:7             Orc (1/2) D:10
   Lair: D:8-11

Altars:
Ashenzari
Cheibriados
Dithmenos
Elyvilon
Fedhas
Gozag
Hepliaklqana
Kikubaaqudgha
Makhleb
Nemelex Xobeh
Okawaru
Qazlal
Ru
Sif Muna
Trog
Uskayaw
Vehumet
Xom
Yredelemnul
Zin
The Shining One

Annotations:
Orc:1 Frank's ghost, journeyman OpMo


Innate Abilities, Weirdness & Mutations

You reflexively headbutt those who attack you in melee.
You have a pair of horns on your head.
You are agile. (Dex +2)
Your flesh is heat resistant. (rF+)
You are somewhat resistant to further mutation.
You are occasionally teleported next to monsters.
You expend magic power (3 MP) to strengthen your wands.


Message History

You are more poisoned.
The orc warrior hits you with a trident!
* * * LOW HITPOINT WARNING * * *
You see here 13 gold pieces.
You feel less invigorated.
You feel less confused.
* * * LOW HITPOINT WARNING * * *
You feel very sick. Frank's ghost hits you.
* * * LOW HITPOINT WARNING * * *
The orc warrior closely misses you.
You slash Frank's ghost! Your headbutt misses Frank's ghost.
Frank's ghost is almost destroyed.
* * * LOW HITPOINT WARNING * * *
You feel sick. Frank's ghost hits you.
* * * LOW HITPOINT WARNING * * *
You are more poisoned.
As you read the scroll of teleportation, it crumbles to dust.
You feel strangely unstable.
You die...

##.....(........ ...
#.......(.##. ..#
............## ..#
...........((.#####.#
.............)....#.##
...........>....<.))).#
..........(.....)..#
.............#..(.##
.......@$o.......##
...$.#..W.#...(...#
#.........#..(....#
...#..............#
......#..........#
....##..........##
...## #####.#### ... ..
###


You could see an orc warrior and Frank's ghost.

Vanquished Creatures
  A centaur warrior (D:10)
  2 two-headed ogres
  An orc knight (Orc:1)
  Joseph (D:9)
  Psyche (D:9)
  Grinder (D:3)
  A hippogriff (D:10)
  5 yaks (D:9)
  A human (D:7)
  4 hogs (D:7)
  Eustachio (D:4)
  A hungry ghost (D:8)
  A warg (Orc:1)
  Edmund (D:5)
  6 orc warriors
  2 ice beasts
  A sky beast (D:5)
  A swamp drake (D:10)
  A necrophage (D:9)
  9 ogres
  A phantom (D:9)
  2 centaurs
  3 bullfrogs
  2 scorpions
  16 killer bees
  7 wights
  3 howler monkeys
  2 crimson imps (D:5)
  A centaur zombie (D:10)
  2 jellies
  3 centaur skeletons
  9 orc priests
  2 bullfrog skeletons (D:7)
  6 hounds
  6 worker ants
  2 iguanas
  12 orc wizards
  11 adders
  3 gnolls (D:4)
  A shadow imp (D:9)
  An ooze (D:7)
  6 dart slugs
  5 leopard geckos
  27 orcs
  4 bats
  4 giant cockroaches
  7 hobgoblins
  13 jackals
  7 kobolds
  4 quokkas
  2 frilled lizards
  8 goblins
  A leopard gecko skeleton (D:5)
  A quokka skeleton (D:6)
  A quokka zombie (D:8)
  6 rats
  A plant (D:9)
234 creatures vanquished.

Vanquished Creatures (others)
  A bush (D:9)
  3 plants (D:9)
4 creatures vanquished.

Grand Total: 238 creatures vanquished

Notes
Turn   | Place    | Note
-------+----------+-------------------------------------------
     0 | Abyss:1  | Wacky444 the Minotaur Abyssal Knight began the quest for the Orb.
     0 | Abyss:1  | Reached XP level 1. HP: 19/19 MP: 1/1
    39 | D:1      | Escaped the Abyss
   149 | D:1      | Reached * piety under Lugonu
   218 | D:1      | Reached XP level 2. HP: 17/27 MP: 2/2
   534 | D:2      | Reached skill level 3 in Long Blades
   565 | D:2      | Reached XP level 3. HP: 27/33 MP: 3/3
   729 | D:2      | Reached skill level 1 in Throwing
   827 | D:2      | Found a snail-covered altar of Cheibriados.
  1023 | D:2      | Reached ** piety under Lugonu
  1154 | D:3      | Reached XP level 4. HP: 40/40 MP: 4/4
  1496 | D:3      | Found a sparkling altar of Nemelex Xobeh.
  1525 | D:3      | Noticed Grinder
  1536 | D:3      | Paralysed by Grinder for 7 turns
  1547 | D:3      | Killed Grinder
  1547 | D:3      | Reached skill level 4 in Long Blades
  1547 | D:3      | Reached skill level 1 in Stealth
  1547 | D:3      | Reached XP level 5. HP: 41/47 MP: 5/5
  1547 | D:3      | Reached XP level 6. HP: 47/53 MP: 6/6
  2041 | D:4      | Noticed Eustachio
  2050 | D:4      | Killed Eustachio
  2050 | D:4      | Reached skill level 5 in Long Blades
  2099 | D:4      | You fall through a shaft for 3 floors!
  2135 | D:7      | Reached XP level 7. HP: 42/60 MP: 7/7
  2177 | D:7      | Reached skill level 1 in Evocations
  2325 | D:7      | Found a staircase to the Ecumenical Temple.
  2333 | D:7      | Reached skill level 1 in Short Blades
  2351 | Temple   | Entered the Ecumenical Temple
  2611 | D:6      | Reached skill level 5 in Fighting
  2932 | D:6      | Reached XP level 8. HP: 60/68 MP: 8/8
  3017 | D:5      | Entered Level 5 of the Dungeon
  3078 | D:5      | Gained mutation: You tend to lose your temper in combat. [mutagenic meat]
  3079 | D:5      | Gained mutation: Your flesh is heat resistant. (rF+) [mutagenic meat]
  3082 | D:5      | Gained mutation: Your magical capacity is low. (-10% MP) [mutagenic meat]
  3083 | D:5      | Gained mutation: You are somewhat resistant to further mutation. [mutagenic meat]
  3084 | D:5      | Lost mutation: Your magical capacity is low. (-10% MP) [mutagenic meat]
  3099 | D:5      | Found a shattered altar of Ashenzari.
  3125 | D:5      | Noticed Edmund
  3137 | D:5      | Killed Edmund
  3137 | D:5      | Reached skill level 6 in Long Blades
  3385 | D:5      | Reached *** piety under Lugonu
  3410 | D:5      | Reached skill level 5 in Armour
  3569 | D:5      | Found a hide-covered altar of Uskayaw.
  4385 | D:4      | Lost mutation: You tend to lose your temper in combat. [potion of mutation]
  4385 | D:4      | Lost mutation: You are somewhat resistant to further mutation. [potion of mutation]
  4385 | D:4      | Gained mutation: You are occasionally teleported next to monsters. [potion of mutation]
  4385 | D:4      | Gained mutation: You expend magic power (3 MP) to strengthen your wands. [potion of mutation]
  4385 | D:4      | Gained mutation: You are agile. (Dex +2) [potion of mutation]
  4385 | D:4      | Gained mutation: You are somewhat resistant to further mutation. [potion of mutation]
  4879 | D:6      | Reached skill level 7 in Long Blades
  4950 | D:6      | Reached skill level 5 in Throwing
  5042 | D:6      | Reached XP level 9. HP: 69/74 MP: 9/9
  5846 | D:7      | Reached skill level 8 in Long Blades
  5898 | D:7      | Reached **** piety under Lugonu
  6173 | D:7      | Reached skill level 9 in Long Blades
  6814 | D:8      | Noticed a two-headed ogre
  6824 | D:8      | Killed a two-headed ogre
  6824 | D:8      | Reached XP level 10. HP: 46/86 MP: 3/10
  7026 | D:9      | Noticed Joseph
  7069 | D:9      | Killed Joseph
  7137 | D:9      | Reached skill level 10 in Long Blades
  7529 | D:9      | Noticed Psyche
  7942 | D:8      | Found a basalt altar of Yredelemnul.
  7942 | D:8      | Found a blossoming altar of Fedhas.
  8100 | D:9      | Killed Psyche
  8226 | D:9      | Found a blossoming altar of Fedhas.
  8597 | D:9      | Reached ***** piety under Lugonu
  8626 | D:10     | Entered Level 10 of the Dungeon
  8630 | D:10     | Reached skill level 11 in Long Blades
  8668 | D:10     | Noticed a two-headed ogre
  8682 | D:10     | Killed a two-headed ogre
  8749 | D:10     | Noticed a centaur warrior
  8765 | D:10     | Killed a centaur warrior
  8765 | D:10     | Reached skill level 5 in Dodging
  8765 | D:10     | Reached XP level 11. HP: 92/92 MP: 2/11
  8969 | D:10     | Learned a level 2 spell: Call Imp
  9697 | D:10     | Found a staircase to the Orcish Mines.
  9739 | Orc:1    | Entered Level 1 of the Orcish Mines
  9797 | Orc:1    | Noticed an orc knight
  9800 | Orc:1    | Noticed Frank's ghost (journeyman OpMo)
  9821 | Orc:1    | Killed an orc knight
  9828 | Orc:1    | HP: 6/142 [orc warrior/scimitar[an orc knight] (3)]
  9838 | Orc:1    | HP: 7/142 [poisoned by Frank's ghost]
  9848 | Orc:1    | HP: 5/142 [poisoned by Frank's ghost]
  9856 | Orc:1    | HP: 3/142 [poisoned by Frank's ghost]
  9863 | Orc:1    | HP: 1/142 [poisoned by Frank's ghost]
  9899 | Orc:1    | HP: 3/95 [poisoned by Frank's ghost]
  9900 | Orc:1    | Succumbed to Frank's ghost's poison

Skill      XL: |  1  2  3  4  5  6  7  8  9 10 |
---------------+-------------------------------+-----
Invocations    | 2 |  2.7
Fighting       | 4 5 7 8 |  8.7
Long Blades    | 3 4 5 7 9 11 | 11.7
Throwing       | 1 2 3 5 6 7 |  7.8
Armour         | 3 4 5 7 9 |  9.2
Stealth        | 1 2 3 4 |  4.5
Dodging        | 2 3 4 5 |  5.1
Evocations     | 1 2 |  2.4
Short Blades   | 1 |  1.8
Spellcasting   | |  0.4
Summonings     | |  0.7

Action                   |  1- 3 |  4- 6 |  7- 9 | 10-12 || total
-------------------------+-------+-------+-------+-------++-------
Melee: Falchion          |    64 |    39 |   258 |   225 ||   586
       Headbutt          |    11 |    11 |    52 |    57 ||   131
       Rapier            |       |    12 |       |       ||    12
Throw: Stone             |    67 |    35 |   155 |   106 ||   363
       Tomahawk          |       |       |       |    12 ||    12
Invok: Depart the Abyss  |     1 |       |       |       ||     1
       Bend Space        |       |       |     2 |     9 ||    11
Evoke: Wand              |       |     4 |    15 |    12 ||    31
  Use: Scroll            |     4 |     3 |    14 |    10 ||    31
       Potion            |       |       |     7 |    13 ||    20
 Stab: Paralysed         |       |    19 |     7 |       ||    26
       Sleeping          |       |       |     1 |       ||     1
  Eat: Chunk             |     1 |       |     6 |       ||     7
       Bread ration      |       |     1 |       |     1 ||     2
       Meat ration       |       |       |     3 |       ||     3
       Royal jelly       |       |       |     1 |     1 ||     2
       Fruit             |       |       |       |     2 ||     2
Armor: Ring mail         |    17 |    17 |       |       ||    34
       Scale mail        |       |     6 |    85 |    65 ||   156
       Skin              |       |       |       |    34 ||    34
Dodge: Dodged            |    38 |    18 |   108 |   103 ||   267
Block: Other             |       |       |    27 |    23 ||    50
       Reflection        |       |       |     2 |     1 ||     3
       Rpst.: Falchion   |    15 |     3 |    28 |    35 ||    81
